 Dungeon Sprint DCSS version 0.25-a0-41-g6cf4ce537d (webtiles) character file.

Game seed: 5327809229570516525, levelgen mode: deterministic

10508 GordonOverkill the Warrior (level 11, -4/184 HPs)
             Began as a Minotaur Berserker on Oct 21, 2019.
             Was the Champion of Trog.
             Slain by the 27-headed Lernaean hydra (9 damage)
             ... in the Dungeon (Sprint I: "Red Sonja").
             The game lasted 00:07:22 (2238 turns).

GordonOverkill the Warrior (Minotaur Berserker)     Turns: 2238, Time: 00:07:23

Health: -4/184     AC: 18    Str: 29    XL:     11   Next: 37%
Magic:  3/3        EV: 13    Int:  4    God:    Trog [******]
Gold:   781        SH:  0    Dex: 11    Spells: 10/10 levels left

rFire    . . .     SeeInvis .   a - +5 broad axe (antimagic)
rCold    . . .     Gourm    .   (no shield)
rNeg     . . .     Faith    .   n - +3 plate armour {rPois}
rPois    +         Spirit   .   (helmet restricted)
rElec    .         Reflect  .   (no cloak)
rCorr    .         Harm     .   (no gloves)
MR       .....     NoTele   +   (no boots)
Stlth    ..........             m - amulet of the acrobat
HPRegen  0.40/turn              (no ring)
MPRegen  0.08/turn              (no ring)

@: berserking, very slightly contaminated, starving, very quick
A: retaliatory headbutt, horns 2
a: Berserk, Trog's Hand, Brothers in Arms, Renounce Religion


You were in the Dungeon.
You worshipped Trog.
Trog was exalted by your worship.
You were starving.

You visited 1 branch You collected 1201 gold pieces.
You spent 420 gold pieces at shops.

Inventory:

Hand Weapons
 a - a +5 antimagic broad axe (weapon)
 o - a +5 antimagic battleaxe
 p - a +2 executioner's axe of chopping
Missiles
 l - 4 javelins (quivered)
Armour
 n - a +3 plate armour of poison resistance (worn)
Jewellery
 m - an amulet of the acrobat (around neck)
Wands
 k - a wand of paralysis (9)
Potions
 b - 2 potions of brilliance
 d - 4 potions of curing
 e - a potion of heal wounds
 f - a potion of haste
 g - 2 potions of magic


   Skills:
 + Level 19.4 Fighting
 - Level 19.2 Axes
 - Level 13.0 Armour
 - Level 11.0 Dodging


You had 10 spell levels left.
You didn't know any spells.
Your spell library was empty.

Dungeon Overview and Level Annotations

Branches:
Dungeon (1/1)

Altars:
Cheibriados
Dithmenos
Elyvilon
Fedhas
Gozag
Hepliaklqana
Kikubaaqudgha
Makhleb
Nemelex Xobeh
Okawaru
Qazlal
Ru
Sif Muna
Trog
Uskayaw
Vehumet
Wu Jian
Xom
Yredelemnul
Zin
The Shining One
Jiyva
Lugonu

Shops:
D =![

Annotations:
D exclusion: oklob plant, Lernaean hydra


Innate Abilities, Weirdness & Mutations

You reflexively headbutt those who attack you in melee.
You have a pair of horns on your head.


Message History

* * * LOW HITPOINT WARNING * * *
The 26-headed Lernaean hydra completely misses you.
The 26-headed Lernaean hydra bites you.
* * * LOW HITPOINT WARNING * * *
The 26-headed Lernaean hydra bites you.
* * * LOW HITPOINT WARNING * * *
You hack one of the 26-headed Lernaean hydra's heads off!
The 25-headed Lernaean hydra grows two more!
You slice the 27-headed Lernaean hydra!!
You headbutt the 27-headed Lernaean hydra!
The 27-headed Lernaean hydra is heavily wounded.
You barely miss the 27-headed Lernaean hydra.
The 27-headed Lernaean hydra is heavily wounded.
The 27-headed Lernaean hydra bites you but does no damage.
The 27-headed Lernaean hydra closely misses you.
The 27-headed Lernaean hydra bites you.
* * * LOW HITPOINT WARNING * * *
The 27-headed Lernaean hydra bites you but does no damage.
The 27-headed Lernaean hydra bites you!
You die...

###..# +..#
##'## #≈≈≈##
#≈≈≈≈##
#≈≈≈≈≈#
####≈≈≈≈#≈≈≈
#$$#D≈≈≈'≈≈.
#$$@##≈≈#≈≈≈
#$$$$#### #'
#$$$$#
######


You could see the 27-headed Lernaean hydra.

Vanquished Creatures
  A deep elf annihilator (D)
  A hydra (D)
  2 centaur warriors (D)
  Sonja (D)
  A deep troll (D)
  A lindwurm (D)
  2 merfolk sirens (D)
  A gargoyle (D)
  4 demonic crawlers (D)
  2 kobold demonologists (D)
  A hellwing (D)
  4 hornets (D)
  A slime creature (D)
  Sigmund (D)
  A yak (D)
  13 hogs (D)
  2 floating eyes (D)
  An ogre (D)
  A jelly (D)
  Ijyb (D)
42 creatures vanquished.

Vanquished Creatures (others)
  A gargoyle (D)
  2 ballistomycete spores (D)
3 creatures vanquished.

Grand Total: 45 creatures vanquished

Notes
Turn   | Place    | Note
-------+----------+-------------------------------------------
     0 | D        | GordonOverkill the Minotaur Berserker began the quest for
                  | the Orb.
     0 | D        | Reached XP level 1. HP: 19/19 MP: 0/0
     1 | D        | Noticed Ijyb
    12 | D        | Killed Ijyb
    12 | D        | Reached skill level 5 in Fighting
    12 | D        | Reached skill level 5 in Axes
    12 | D        | Reached XP level 2. HP: 24/29 MP: 1/1
    48 | D        | Noticed an ogre
    52 | D        | Killed an ogre
    52 | D        | Reached skill level 5 in Dodging
    52 | D        | Reached XP level 3. HP: 30/38 MP: 2/2
    52 | D        | Reached XP level 4. HP: 35/45 MP: 3/3
   193 | D        | Noticed Sigmund
   201 | D        | Killed Sigmund
   201 | D        | Reached ** piety under Trog
   201 | D        | Reached XP level 5. HP: 56/56 MP: 4/4
   201 | D        | Reached XP level 6. HP: 62/62 MP: 5/5
   251 | D        | Found a burning altar of Makhleb.
   251 | D        | Found a viscous altar of Jiyva.
   251 | D        | Found a shimmering altar of Xom.
   251 | D        | Found a corrupted altar of Lugonu.
   251 | D        | Noticed a slime creature
   258 | D        | Killed a slime creature
   296 | D        | Found an ornate altar of the Wu Jian Council.
   296 | D        | Found a shimmering blue altar of Sif Muna.
   299 | D        | Found a radiant altar of Vehumet.
   326 | D        | Found Kotinaod's Distillery.
   326 | D        | Found an ancient bone altar of Kikubaaqudgha.
   326 | D        | Found a hazy altar of Hepliaklqana.
   326 | D        | Found a hide-covered altar of Uskayaw.
   326 | D        | Found a basalt altar of Yredelemnul.
   326 | D        | Found an opulent altar of Gozag.
   326 | D        | Found a snail-covered altar of Cheibriados.
   326 | D        | Found a sacrificial altar of Ru.
   326 | D        | Found a shadowy altar of Dithmenos.
   326 | D        | Noticed a yak
   334 | D        | Killed a yak
   334 | D        | Reached *** piety under Trog
   334 | D        | Received a gift from Trog
   334 | D        | Reached skill level 10 in Fighting
   334 | D        | Reached skill level 10 in Axes
   334 | D        | Reached XP level 7. HP: 38/72 MP: 6/6
   335 | D        | Found a stormy altar of Qazlal.
   335 | D        | Found a blossoming altar of Fedhas.
   335 | D        | Found a bloodstained altar of Trog.
   335 | D        | Found an iron altar of Okawaru.
   335 | D        | Found a glowing golden altar of the Shining One.
   335 | D        | Found a glowing silver altar of Zin.
   335 | D        | Found a white marble altar of Elyvilon.
   447 | D        | Found a sparkling altar of Nemelex Xobeh.
   497 | D        | Noticed a centaur warrior
   499 | D        | Noticed a centaur warrior
   507 | D        | Killed a centaur warrior
   507 | D        | Reached skill level 10 in Dodging
   507 | D        | Reached XP level 8. HP: 62/79 MP: 7/7
   510 | D        | Killed a centaur warrior
   663 | D        | Noticed Sonja
   669 | D        | Killed Sonja
   669 | D        | Reached XP level 9. HP: 85/85 MP: 8/8
   937 | D        | Found Jytriaqa's Jewellery Boutique.
   957 | D        | Noticed a deep troll
   968 | D        | Killed a deep troll
  1059 | D        | Found Wiuxkiu's Armour Emporium.
  1063 | D        | Bought a +3 plate armour of poison resistance for 420 gold
                  | pieces
  1161 | D        | Noticed a kobold demonologist
  1161 | D        | Noticed a kobold demonologist
  1164 | D        | Paralysed by a floating eye for 2 turns
  1170 | D        | Reached **** piety under Trog
  1172 | D        | Killed a kobold demonologist
  1178 | D        | Noticed a red devil
  1181 | D        | Noticed a sixfirhy
  1182 | D        | Killed a kobold demonologist
  1182 | D        | Reached ***** piety under Trog
  1187 | D        | Noticed a demonic crawler
  1187 | D        | Noticed a demonic crawler
  1187 | D        | Noticed a demonic crawler
  1187 | D        | Noticed a demonic crawler
  1194 | D        | Killed a demonic crawler
  1194 | D        | Reached XP level 10. HP: 97/97 MP: 9/9
  1266 | D        | Noticed a gargoyle
  1328 | D        | Killed a gargoyle
  1382 | D        | Noticed a lindwurm
  1492 | D        | Killed a lindwurm
  1492 | D        | Reached skill level 15 in Fighting
  1506 | D        | Received a gift from Trog
  1521 | D        | Reached ****** piety under Trog
  1558 | D        | Received a gift from Trog
  1753 | D        | Noticed a daeva
  1758 | D        | Noticed a 12-headed hydra
  1758 | D        | Killed a gargoyle
  1764 | D        | Killed a 16-headed hydra
  1764 | D        | Reached XP level 11. HP: 118/118 MP: 3/10
  1764 | D        | Paralysed by a floating eye for 3 turns
  1858 | D        | Noticed a deep elf annihilator
  1875 | D        | Received a gift from Trog
  1992 | D        | Killed a deep elf annihilator
  2176 | D        | Noticed a mummy priest
  2177 | D        | Noticed an oklob plant
  2231 | D        | Noticed the 27-headed Lernaean hydra
  2238 | D        | HP: 5/184 [the 27-headed Lernaean hydra (5)]
  2238 | D        | Slain by the 27-headed Lernaean hydra

Levels and vault maps discovered:
D:        dungeon_sprint_1 [red_sonja_temple_1, red_sonja_temple_small_1]

Skill      XL: |  1  2  3  4  5  6  7  8  9 10 11 |
---------------+----------------------------------+-----
Fighting       | 5 6 8 10 11 17 19 | 19.4
Axes           | 5 6 8 10 11 16 18 19 | 19.2
Armour         | 4 6 7 9 11 12 13 | 13.0
Dodging        | 3 5 7 9 10 11 | 11.0

Action                   |  1- 3 |  4- 6 |  7- 9 | 10-12 || total
-------------------------+-------+-------+-------+-------++-------
Melee: Hand axe          |    11 |    21 |    41 |    92 ||   165
       Headbutt          |     1 |     5 |    13 |    30 ||    49
       Battleaxe         |       |       |       |    18 ||    18
       Broad axe         |       |       |       |    17 ||    17
Invok: Berserk           |     2 |     3 |     3 |     2 ||    10
       Trog's Hand       |       |       |     2 |       ||     2
  Use: Scroll            |       |       |     1 |     2 ||     3
       Potion            |       |       |       |     1 ||     1
  Eat: Chunk             |       |     2 |       |     4 ||     6
       Ration            |       |       |     2 |       ||     2
Armor: Scale mail        |       |     2 |    12 |       ||    14
       Plate armour      |       |       |    16 |    95 ||   111
Dodge: Dodged            |     5 |     6 |    33 |    79 ||   123

Table legend:
 A = Non-vault XP
 B = Vault XP
 C = Vault XP percentage of total XP
 D = Non-vault monster count
 E = Vault monster count
 F = Vault count percentage of total count
                 A         B        C        D         E       F
            +---------+---------+-------+---------+---------+-------
      Total |       0 |   15012 | 100.0 |       0 |      42 | 100.0
            +---------+---------+-------+---------+---------+-------
          D |       0 |   15012 | 100.0 |       0 |      42 | 100.0
            +---------+---------+-------+---------+---------+-------
